Gehe, chaotic male elven Priest -------- -------- ----------- |......| |......-######### ------------ #..........| ##.......| |......| # |..........|####|.........| # |......| |......| ###|.......<..| |.........| ### -------- ------.- #...........| |.........| # ## ---------.-- |..........# ### # ####### -----------# # ### # # ### # ### # # #### ##### # ### ---------- -.---------- -.------- # # |...(%%[[| |...........` |.......| # ### |..m@(.*?| |..........| |........##### # # #-@f.!?[%.| |...........## |.`.....| # ------ ###### ###|.(..+*.!| |..........| --------- ####|.....#####------- # |..).*!/.| |..........| #####|..>.| #|.....-######## ---------- ------------ ##.....| #......| ------ ------- Gehe the Acolyte Experience level: 5 Strength: 10 Dexterity: 11 Constitution: 16 Intelligence: 10 Wisdom: 18 Charisma: 12 Health: 0(39) Energy: 62(62) Def: 6 Gold: 0 Moves: 2088 Dungeon seed: Azv7vYCHL-7MHONf Game ID: Gehe_1614277511 Your Inventory: Weapons a - a blessed +1 mace (weapon in hand) H - 10 poisoned +0 darts I - a +0 elven bow Q - 6 +0 ya Armor e - a +0 robe (being worn) n - a +0 small shield (being worn) q - a +0 leather armor (being worn) y - a blessed +0 orcish helm (being worn) Comestibles c - a clove of garlic d - a sprig of wolfsbane O - a food ration R - 2 tins of newt meat S - a food ration T - a food ration Scrolls L - a scroll of teleportation U - a blessed scroll of blank paper Spellbooks f - a spellbook of clairvoyance g - a spellbook of extra healing l - a spellbook of invisibility s - a spellbook of sleep Potions b - 3 potions of holy water i - a potion of levitation x - 2 potions of healing Rings M - a ring of cold resistance Gems r - a fluorite stone z - a worthless piece of black glass Spells and supernatural/magical abilities: Name Level Category Fail Memory v - clairvoyance 3 divination 81% 90% x - extra healing 3 healing 78% 90% z - sleep 1 enchantment 0% 97% W - pray for help -- divine ? -- X - turn undead -- divine ? -- Your skills at the end: Fighting Skills Weapon Skills mace [Basic] Spellcasting Skills clerical spells [Basic] Final Attributes: You were piously aligned. You were sleep resistant. You had infravision. You were held by a giant mimic. You are dead. Vanquished creatures: 2 small mimics a paper golem a kobold lord an iguana a coyote a large kobold a giant rat 5 geckos 4 jackals 2 foxes 4 goblins 3 grid bugs 2 lichens 6 newts 34 creatures vanquished. Voluntary challenges: You had been an atheist until turn 2070. You used a wielded weapon 48 times, starting on turn 94. You read items or engraved 8 times, starting on turn 318. You never genocided any monsters. You never polymorphed an object. You never changed form. You used no wishes. You never split a pudding. You never wrote Elbereth's name. You never violated your personal moral code. Dungeon overview: The Dungeons of Doom: levels 1 to 4 Level 1 a long staircase Level 2 a general store, some fountains a long staircase Level 3 an armor shop, a fountain Level 4 <- You were here a general store History has recorded: On T:1 you entered the Dungeons of Doom to retrieve the Amulet of Yendor! On T:278 you reached level 2 of The Dungeons of Doom. On T:572 you advanced to experience level 2. On T:622 you advanced to experience level 3. On T:1034 you reached level 3 of The Dungeons of Doom. On T:1434 you reached level 4 of The Dungeons of Doom. On T:1789 you advanced to experience level 4. On T:2078 you advanced to experience level 5. Score breakdown: Gold: 0 ( 0 points) Experience: 5 levels (11141 points) Exploration: 4 levels ( 8.00%) ( 7423 points) Discoveries: 12 items ( 4.18%) ( 6134 points) Valuables value: (no points given unless you survive) Artifact value: 0 ( 0 points) Variety of kills: 14 monsters ( 3.67%) ( 5750 points) Turncount: 2088 turns ( -64 points) Survival: died (score multiplied by 80%) Total score: 24307 Latest messages: You feel much better. You miss the paper golem. The paper golem hits! You hit the paper golem. The paper golem hits! You hit the paper golem. The paper golem hits! (2x) You hit the paper golem. The paper golem hits! You destroy the paper golem! Welcome to experience level 5. You stop. Qwerty is in the way! Qwerty picks up 2 scrolls. There is nothing here to pick up. There are a few objects here. "For you, esteemed sir; only 60 for this unlabeled scroll." You have a little trouble lifting U - a blessed unlabeled scroll (unpaid, 60 zorkmids). Wait! That's a giant mimic! The giant mimic hits! (2x) You hit the giant mimic! You miss the giant mimic. You hit the giant mimic. The giant mimic hits! (2x) You die... Kabalebo comes and takes all your possessions. Final status: Goodbye Gehe the Priest, killed by a giant mimic... You died in The Dungeons of Doom on dungeon level 4 with 24307 points, and 0 pieces of gold, after 2088 moves. You were level 5 with a maximum of 39 hit points when you died.